[Event "SWE-ch U16 2019"]
[Site "Eskilstuna"]
[Date "2019.07.08"]
[Round "1.3"]
[White "Muntean, Victor"]
[Black "Nilsson, Oliver"]
[Result "1-0"]
[ECO "C54"]
[WhiteElo "1971"]
[BlackElo "1574"]
[Annotator "NA"]
[PlyCount "42"]
[EventDate "2019.07.06"]
[EventType "tourn"]
[EventCountry "SWE"]
[SourceTitle "playchess.com"]
[Source "ChessBase"]
[SourceQuality "1"]
[TimeControl "40/5400+30:1800+30"]

1. e4 e5 2. Nf3 Nc6 3. Bc4 Bc5 4. c3 Nf6 5. d3 d5 6. exd5 Nxd5 7. Qb3 Be6 8. Qxb7 Na5 9. Qb5+ c6 10. Qxc5 Nxc4 11. Qxc6+ Ke7 12. dxc4 Rc8 13. Qb5 Nf4 14. Bxf4 exf4 15. Qg5+ f6 16. Qxg7+ Kd6 17. Na3 Bxc4 18. Nxc4+ Rxc4 19. O-O-O+ Kc5 20. Rxd8 Rxd8 21. Qc7+ Kd5 1-0

[Event "SWE-ch U16 2019"]
[Site "Eskilstuna"]
[Date "2019.07.14"]
[Round "9.4"]
[White "Dingertz, Erik"]
[Black "Alfredsson, Daniel"]
[Result "1/2-1/2"]
[ECO "A11"]
[WhiteElo "1959"]
[BlackElo "1652"]
[Annotator "NA"]
[PlyCount "78"]
[EventDate "2019.07.06"]
[EventType "tourn"]
[EventCountry "SWE"]
[SourceTitle "playchess.com"]
[Source "ChessBase"]
[SourceQuality "1"]
[TimeControl "40/5400+30:1800+30"]

1. c4 c6 2. g3 d5 3. Bg2 Bf5 4. Nf3 Nf6 5. Qb3 Qb6 6. O-O e6 7. d3 Nbd7 8. Nc3 Nc5 9. Qxb6 axb6 10. Nd4 Bg6 11. cxd5 exd5 12. Bf4 Ne6 13. Nxe6 fxe6 14. e4 d4 15. Ne2 c5 16. Bc7 Ra6 17. Bh3 Kd7 18. Be5 Bd6 19. Bxd6 Kxd6 20. f4 Ke7 21. Nc1 b5 22. Nb3 b6 23. Nd2 Bh5 24. Rfe1 Rha8 25. a3 b4 26. Nc4 b5 27. Ne5 bxa3 28. bxa3 Rxa3 29. Rxa3 Rxa3 30. Rc1 Kd6 31. Rb1 Be8 32. Nc4+ bxc4 33. e5+ Ke7 34. exf6+ gxf6 35. dxc4 Rc3 36. Bf1 d3 37. Kf2 Bg6 38. Ke3 Rxc4 39. Rd1 Rd4 1/2-1/2